 Dungeon Crawl Stone Soup version 0.26-a0-1191-ge2a0e31ab3 (webtiles) character file.

Game seed: 11599741370802304736

23119 Dirian the Severer (level 12, -10/108 (110) HPs)
             Began as a Minotaur Fighter on Dec 28, 2020.
             Was the Champion of Okawaru.
             Mangled by an ettin
             ... wielding a +0 dire flail
              (14 damage)
             ... on level 9 of the Dungeon.
             The game lasted 00:28:20 (11865 turns).

Dirian the Severer (Minotaur Fighter)              Turns: 11865, Time: 00:28:20

HP:   -10/108 (110) AC: 24    Str: 26    XL:     12   Next: 69%
MP:   17/17         EV:  7    Int:  5    God:    Okawaru [******]
Gold: 816           SH: 13    Dex: 10    Spells: 11/11 levels left

rFire    . . .     SeeInvis +   K - +2 broad axe (elec)
rCold    . . .     Faith    .   c - +1 kite shield
rNeg     + . .     Spirit   .   C - +2 chain mail {rN+}
rPois    .         Reflect  .   (helmet restricted)
rElec    .         Harm     .   D - +0 cloak
rCorr    .         Rampage  .   p - +0 pair of gloves
Will     .....                  H - +2 pair of boots {Fly}
Stlth    ..........             J - amulet of regeneration
HPRegen  0.68/turn              b - +4 ring of protection
MPRegen  0.15/turn              A - ring of see invisible

@: flying, lightly drained
A: retaliatory headbutt, horns 2
a: Stop Flying, Renounce Religion, Heroism, Finesse


You were on level 9 of the Dungeon.
You worshipped Okawaru.
Okawaru was exalted by your worship.
You visited 2 branches of the dungeon, and saw 14 of its levels.
You also visited: Sewer.

You collected 816 gold pieces.

Inventory:

Hand Weapons
 j - a +0 broad axe
 K - a +2 broad axe of electrocution (weapon)
Armour
 c - a +1 kite shield (worn)
 p - a +0 pair of gloves (worn)
 u - a +0 tower shield
 C - a +2 chain mail of positive energy (worn)
 D - a +0 cloak (worn)
 H - a +2 pair of boots of flying (worn)
Jewellery
 b - a +4 ring of protection (left hand)
 f - an uncursed ring of protection from cold
 A - a ring of see invisible (right hand)
 B - an uncursed amulet of reflection
 J - an amulet of regeneration (around neck)
Wands
 e - a wand of disintegration (24)
 o - a wand of flame (20)
 v - a wand of enslavement (9)
 y - a wand of polymorph (9)
Scrolls
 g - 5 scrolls of magic mapping
 h - 5 scrolls of enchant armour
 r - a scroll of identify
 s - a scroll of immolation {unknown}
 t - 5 scrolls of teleportation
 x - 5 scrolls of remove curse
 z - a scroll of blinking
Potions
 a - a potion of cancellation {unknown}
 d - 2 potions of might
 i - a potion of ambrosia
 k - 2 potions of invisibility
 l - 2 potions of mutation
 m - 2 potions of attraction
 n - 4 potions of resistance
 q - 8 potions of curing
 w - 2 potions of heal wounds


   Skills:
 + Level 11.2 Fighting
 - Level 16.0 Axes
 + Level 10.4 Armour
 + Level 9.0 Shields
 * Level 8.5 Invocations


You had 11 spell levels left.
You didn't know any spells.
Your spell library contained the following spells:

 Spells                   Type           Power        Failure   Level
 Animate Skeleton         Necr           0%           99%         1
 Apportation              Tloc           0%           99%         1
 Corona                   Hex            0%           99%         1
 Summon Small Mammal      Summ           0%           99%         1
 Bolt of Magma            Conj/Fire/Erth 0%           100%        5
 Iskenderun's Battlesphe  Conj           0%           100%        5
 Iron Shot                Conj/Erth      0%           100%        6
 Orb of Destruction       Conj           0%           100%        7
 Spellforged Servitor     Conj/Summ      0%           100%        7


Dungeon Overview and Level Annotations

Branches:
Dungeon (13/15)            Temple (0/1) D:4            Lair (0/6) D:9
    Orc (1/2) D:9           Sewer (visited)
 Vaults: D:13-14

Altars:
Cheibriados
Kikubaaqudgha
Nemelex Xobeh
Okawaru
Ru
Vehumet
Wu Jian
Yredelemnul
The Shining One

Shops:
D:7 [

Annotations:
D:7 2 runed translucent doors


Innate Abilities, Weirdness & Mutations

You reflexively headbutt those who attack you in melee.
You have a pair of horns on your head.


Message History

The ettin hits you with a +0 dire flail!!
The ettin hits you but does no damage.
There is a staircase back to the Dungeon, spattered with blood here.
You hit the ettin but do no damage. Lightning courses through the ettin!!
The ettin is heavily wounded.
The ettin hits you with a +0 dire flail!!
You block the ettin's attack.
The orc warrior hits you from afar with a +0 halberd!!
* * * LOW HITPOINT WARNING * * *
The ettin hits you with a +0 dire flail!
* * * LOW HITPOINT WARNING * * *
You block the ettin's attack.
You fly upwards.
Welcome back to the Dungeon!
There is a staircase to the Orcish Mines here.
You slice the ettin!!
You headbutt the ettin, but do no damage.
The ettin is almost dead.
You block the ettin's attack.
The ettin hits you with a +0 dire flail!
You die...

.#....##...[..........###.#######
.#.....#<............(....#######
..........................'......
......##.......(..........#......
......##..................#รท...[.
...#..##.............###+##......
...#.................#...........
...#...........#[C...#...........
...#...........#@....#...........
...#...........#.....#...##......
...######......#.....#...##......
........#..<...#.....#...........
#########......#.....#...........
........#............'...........
.#...#..#............######......
......._#.................#......
.#...#..#.................#######


You could see an ettin.

Vanquished Creatures
  Gastronok (D:10)
  Josephine (D:10)
  Fannar (D:11)
  Erolcha (D:9)
  A boulder beetle (D:13)
  Harold (D:11)
  3 death yaks
  A two-headed ogre (D:8)
  An unseen horror (D:11)
  A necromancer (D:12)
  2 ugly things
  An orc sorcerer (D:9)
  A deep elf mage (D:13)
  3 centaur skeletons
  A komodo dragon (D:11)
  4 trolls
  A raiju (shapeshifter) (D:13)
  4 slime creatures (D:13)
  2 vampires (D:11)
  23 yaks
  5 wraiths (D:10)
  Grum (D:9)
  2 humans (D:11)
  A steam dragon (D:12)
  3 water moccasins
  A floating eye (shapeshifter) (D:13)
  7 orc warriors
  The ghost of Sassenached the Ogre Mage, an amateur OgWn (D:3)
  2 ice beasts
  A sky beast (D:10)
  A phantom (D:4)
  8 centaurs
  4 ogres
  2 wolves
  2 big kobolds
  5 bullfrogs
  A wyvern zombie (D:6)
  2 scorpions
  10 wights
  2 bullfrog zombies
  A centaur zombie (D:10)
  A quasit (D:10)
  4 hounds
  3 jellies
  6 orc priests
  3 bullfrog skeletons
  3 iguanas
  12 orc wizards
  11 worker ants
  4 yak simulacra (D:12)
  A hell rat (D:9)
  5 polar bear simulacra (D:12)
  A mummy (D:6)
  2 worker ant zombies
  2 river rats (D:9)
  11 adders
  2 shadow imps (D:5)
  2 white imps
  2 ufetubi (D:9)
  2 adder skeletons (D:4)
  3 worms
  3 dart slugs
  4 leopard geckos
  37 orcs
  11 giant cockroaches
  13 goblins
  8 hobgoblins
  14 jackals
  9 quokkas
  9 bats
  2 frilled lizards
  A hobgoblin zombie (D:6)
  A jackal skeleton (D:7)
  20 kobolds
  2 kobold zombies (D:6)
  An orc zombie (D:6)
  6 rats
  2 river rat simulacra (D:12)
339 creatures vanquished.

Notes
Turn   | Place    | Note
-------+----------+-------------------------------------------
     0 | D:1      | Dirian the Minotaur Fighter began the quest for the Orb.
     0 | D:1      | Reached XP level 1. HP: 19/19 MP: 0/0
   180 | D:1      | Reached XP level 2. HP: 27/27 MP: 1/1
   697 | D:2      | Reached XP level 3. HP: 33/33 MP: 2/2
   948 | D:2      | Reached skill level 3 in Axes
  1510 | D:3      | Found a runed translucent gate.
  1510 | D:3      | Found a runed translucent gate.
  1510 | D:3      | Found a runed translucent gate.
  1550 | D:3      | Reached XP level 4. HP: 40/40 MP: 3/3
  1604 | D:3      | Found a glowing golden altar of the Shining One.
  1612 | D:3      | Noticed Sassenached's ghost (amateur OgWn)
  2401 | D:3      | Killed Sassenached's ghost
  2402 | D:3      | Reached skill level 4 in Axes
  2402 | D:3      | Reached skill level 5 in Shields
  2402 | D:3      | Reached XP level 5. HP: 35/47 MP: 4/4
  2534 | D:4      | Noticed a phantom
  2550 | D:4      | Killed a phantom
  2551 | D:4      | Reached skill level 5 in Axes
  2551 | D:4      | Reached XP level 6. HP: 41/53 MP: 5/5
  2671 | D:4      | Reached skill level 5 in Armour
  3007 | D:4      | Found a staircase to the Ecumenical Temple.
  3039 | D:4      | Reached skill level 6 in Axes
  3930 | D:5      | Entered Level 5 of the Dungeon
  3942 | D:5      | Found a glowing drain.
  3945 | D:5      | Reached XP level 7. HP: 46/60 MP: 6/6
  3952 | D:5      | Reached skill level 5 in Fighting
  3984 | Sewer    | Entered a sewer
  4144 | Sewer    | Reached skill level 7 in Axes
  4727 | D:6      | Reached XP level 8. HP: 38/69 MP: 7/7
  4955 | D:6      | Reached skill level 8 in Axes
  5522 | D:7      | Found Maugigyh's Antique Armour Emporium.
  5527 | D:7      | Noticed a sixfirhy
  5529 | D:7      | Found a runed translucent door.
  5806 | D:7      | Found a runed translucent door.
  5812 | D:7      | Found a basalt altar of Yredelemnul.
  5837 | D:7      | Found a sacrificial altar of Ru.
  5837 | D:7      | Found an iron altar of Okawaru.
  5971 | D:7      | Became a worshipper of Warmaster Okawaru
  5998 | D:8      | Found a sparkling altar of Nemelex Xobeh.
  6017 | D:8      | Noticed a two-headed ogre
  6024 | D:8      | Killed a two-headed ogre
  6024 | D:8      | Reached * piety under Okawaru
  6025 | D:8      | Reached skill level 9 in Axes
  6025 | D:8      | Reached XP level 9. HP: 69/78 MP: 8/8
  6044 | D:8      | Reached ** piety under Okawaru
  6045 | D:8      | Reached skill level 10 in Axes
  6101 | D:8      | Found a snail-covered altar of Cheibriados.
  6106 | D:8      | Found an ornate altar of the Wu Jian Council.
  6153 | D:8      | Reached skill level 1 in Invocations
  6648 | D:8      | Found a radiant altar of Vehumet.
  6764 | D:9      | Noticed Erolcha
  6775 | D:9      | Killed Erolcha
  6775 | D:9      | Reached *** piety under Okawaru
  6776 | D:9      | Reached skill level 11 in Axes
  7026 | D:9      | Found a staircase to the Orcish Mines.
  7054 | D:9      | Noticed a purple ugly thing
  7125 | D:9      | Killed a purple ugly thing
  7126 | D:9      | Reached XP level 10. HP: 79/86 MP: 9/11
  7174 | D:9      | Received a gift from Okawaru
  7485 | D:9      | Noticed a death yak
  7485 | D:9      | Noticed a death yak
  7487 | D:9      | Found a staircase to the Lair.
  7487 | D:9      | Noticed a death yak
  7487 | D:9      | Noticed Grum
  7776 | D:8      | Reached skill level 12 in Axes
  7855 | D:9      | Killed Grum
  7905 | D:9      | Killed a death yak
  8068 | D:8      | Killed a death yak
  8068 | D:8      | Reached **** piety under Okawaru
  8138 | D:9      | Killed a death yak
  8139 | D:9      | Reached skill level 13 in Axes
  8139 | D:9      | Reached skill level 5 in Invocations
  8392 | D:9      | Found an ancient bone altar of Kikubaaqudgha.
  8414 | D:10     | Entered Level 10 of the Dungeon
  8414 | D:10     | Noticed Gastronok
  8428 | D:10     | Killed Gastronok
  8428 | D:10     | Reached ***** piety under Okawaru
  8429 | D:10     | Reached XP level 11. HP: 62/95 MP: 11/14
  8536 | D:10     | Noticed Josephine
  8550 | D:10     | Received a gift from Okawaru
  8564 | D:10     | Reached skill level 14 in Axes
  8592 | D:10     | Killed Josephine
  9702 | D:11     | Reached skill level 15 in Axes
 10042 | D:11     | Reached skill level 10 in Fighting
 10087 | D:11     | Noticed Fannar
 10099 | D:11     | Killed Fannar
 10361 | D:11     | Reached XP level 12. HP: 102/106 MP: 16/16
 10425 | D:11     | Reached ****** piety under Okawaru
 10425 | D:11     | Received a gift from Okawaru
 10728 | D:11     | Found an iron altar of Okawaru.
 10814 | D:11     | Noticed Harold
 10826 | D:11     | Killed Harold
 11317 | D:12     | Reached skill level 10 in Armour
 11334 | D:12     | Reached skill level 16 in Axes
 11481 | D:13     | Noticed a boulder beetle
 11495 | D:13     | Killed a boulder beetle
 11495 | D:13     | Received a gift from Okawaru
 11579 | D:13     | Noticed a boulder beetle
 11781 | Orc:1    | Entered Level 1 of the Orcish Mines
 11784 | Orc:1    | Noticed an ettin
 11863 | Orc:1    | HP: 3/108 [ettin/+0 dire flail (14)]
 11865 | D:9      | Mangled by an ettin

Illustrated notes

Levels and vault maps discovered:
D:1:      dpeg_arrival_leaves_temple_mockup, layout_loops_ring,
          grunt_decor_fettered
D:2:      layout_basic
D:3:      layout_basic, old_standard_altar, gammafunk_ghost_split
D:4:      layout_layer_cave, minmay_temple_entry_statues_pillars
D:5:      layout_rooms, gup_sewer_entry_glass
D:6:      kennysheep_big_flooded_room, layout_layer_cave, minmay_mini_ossuary
D:7:      cheibrodos_shockbox, layout_basic, gammafunk_temple_overflow_statue,
          serial_shops, shop, mrwooster_statue_mirror, dk_yredelemnul_ordeal
D:8:      layout_loops_ring, general_overflow_altar,
          nemelex_xobeh_ov_fountains_minmay, grunt_temple_overflow_open
D:9:      layout_stronghold, lemuel_coloured_pillars_altar, dpeg_lair_monsters,
          orc_0_dummy, uniq_erolcha, uniq_grum
D:10:     layout_cross, serial_co_window_serial, co_window_paths_a,
          co_window_paths_a, co_window_paths_b, co_window_paths_a,
          uniq_gastronok, uniq_josephine
D:11:     layout_gridville, hangedman_abyss_or_decor_lesser_grid,
          okawaru_humans, uniq_fannar, uniq_harold
D:12:     layout_rooms, minmay_misc_feat_rugged, eino_house_with_fridge
D:13:     layout_cave_pools, david_vaults_5
Orc:1:    layout_caves

Skill      XL: |  1  2  3  4  5  6  7  8  9 10 11 12 |
---------------+-------------------------------------+-----
Shields        | 4 5 6 8 9 |  9.0
Armour         | 4 5 6 7 9 10 | 10.4
Fighting       | 4 5 6 7 8 10 11 | 11.2
Axes           | 3 4 5 6 7 9 11 13 15 16 | 16.0
Invocations    | 3 5 7 8 |  8.5

Action                   |  1- 3 |  4- 6 |  7- 9 | 10-12 || total
-------------------------+-------+-------+-------+-------++-------
Melee: War axe           |    90 |   132 |   195 |   329 ||   746
       Headbutt          |    19 |    19 |    42 |   110 ||   190
       Broad axe         |       |       |       |   144 ||   144
Invok: Heroism           |       |       |     1 |     8 ||     9
  Use: Scroll            |       |    14 |     8 |     5 ||    27
       Potion            |       |       |     4 |       ||     4
Armor: Scale mail        |    47 |    23 |       |       ||    70
       Chain mail        |       |    42 |    67 |   166 ||   275
Dodge: Dodged            |    22 |    27 |    40 |    77 ||   166
Block: Kite shield       |    48 |    96 |   159 |   313 ||   616
       Reflection        |       |     1 |    17 |     9 ||    27

Table legend: (Time is in decaauts)
 A = Elapsed time spent in this place.
 B = Non-inter-level travel time spent in this place.
 C = Inter-level travel time spent in this place.
 D = Time resting spent in this place.
 E = Time spent auto-exploring this place.
 F = Levels seen in this place.
 G = Mean time per level.
                   A        B        C        D        E       F      G
               +--------+--------+--------+--------+--------+-----+--------+
         Total |  11933 |  11514 |    419 |    612 |   8748 |  15 |  795.5 |
       Dungeon |  11698 |  11279 |    419 |    612 |   8577 |  13 |  899.8 |
  Orcish Mines |     19 |     19 |      0 |      0 |      0 |   1 |   19.0 |
         Sewer |    215 |    215 |      0 |      0 |    171 |   1 |  215.0 |
               +--------+--------+--------+--------+--------+-----+--------+

Top non-repeatable levels by time:
     D:4: 1422 daAuts
    D:11: 1374 daAuts
     D:9: 1310 daAuts
     D:8: 1200 daAuts
    D:10: 1119 daAuts
     D:3: 1051 daAuts
     D:2: 856 daAuts
     D:7: 816 daAuts
     D:1: 691 daAuts
     D:6: 662 daAuts
    D:12: 660 daAuts
     D:5: 397 daAuts
   Sewer: 215 daAuts
    D:13: 136 daAuts
   Orc:1: 19 daAuts
